 Dungeon Crawl Stone Soup version 0.24-a0-443-g80245de385 (webtiles) character file.

Game seed: 5243468236668113952

72 galech the Skirmisher (level 4, 32/35 HPs)
             Began as a Demonspawn Fighter on June 21, 2019.
             Quit the game on level 3 of the Dungeon.
             The game lasted 00:01:44 (1209 turns).

galech the Skirmisher (Demonspawn Fighter)          Turns: 1209, Time: 00:01:45

Health: 32/35      AC: 13    Str: 16    XL:     4   Next: 7%
Magic:  4/4        EV:  2    Int:  9    God:
Gold:   114        SH:  9    Dex: 14    Spells: 3/3 levels left

rFire    . . .     SeeInvis .   a - +0 war axe
rCold    . . .     Gourm    +   c - +0 shield
rNeg     . . .     Faith    .   h - +0 plate armour
rPois    .         Spirit   .   (helmet restricted)
rElec    .         Reflect  .   l - +0 cloak
rCorr    .         Harm     .   e - +0 pair of gloves
MR       .....                  (no boots)
Stlth    ..........             b - amulet of the gourmand
HPRegen  0.11/turn              (no ring)
MPRegen  0.09/turn              (no ring)

@: no status effects
A: antennae 1, demonic guardian 1, rot immunity
a: no special abilities


You were on level 3 of the Dungeon.
You were completely stuffed.

You visited 1 branch of the dungeon, and saw 3 of its levels.

You collected 114 gold pieces.

Inventory:

Hand Weapons
 a - a +0 war axe (weapon)
Armour
 c - a +0 shield (worn)
 e - a +0 pair of gloves (worn)
 h - a +0 plate armour (worn)
 l - a +0 cloak (worn)
Jewellery
 b - an amulet of the gourmand (around neck)
Scrolls
 i - 3 scrolls of identify {unknown}
 k - 4 scrolls of remove curse {unknown}
 m - 3 scrolls of teleportation {unknown}
 p - a scroll of fog {unknown}
 r - a scroll of enchant weapon {unknown}
Potions
 d - a potion of might
 g - a potion of flight {unknown}
 j - 2 potions of invisibility {unknown}
 n - 2 potions of lignification {unknown}
 o - a potion of curing {unknown}
Comestibles
 f - 6 rations
 q - 5 chunks of flesh


   Skills:
 + Level 3.3 Fighting
 + Level 3.1 Axes
 + Level 3.0 Armour
 + Level 0.1 Stealth
 + Level 3.1 Shields


You had 3 spell levels left.
You didn't know any spells.
Your spell library was empty.

Dungeon Overview and Level Annotations

Branches:
Dungeon (3/15)

Altars:


Innate Abilities, Weirdness & Mutations

You have a pair of small antennae on your head.
A weak demonic guardian rushes to your aid.
You are immune to rotting.


Message History

The orc is lightly wounded.
The orc hits you with a +0 dagger. You block the orc's attack.
You slash the orc!
You kill the orc!
You barely miss the orc. You block the orc's attack.
You slash the orc!
You kill the orc!
No target in view!
No target in view!
No target in view!
No target in view!
No target in view!
No target in view!
No target in view!
No target in view!
No target in view!
No target in view!
No target in view!
No target in view!
Are you sure you want to abandon this character and quit the game? (Confirm with "yes".)

....##..#............
............#..####.#
.....##...#.#... ..
.....###..#.#..##
.........>.(#...
####.####..##..## #.#
#..##...
####.####..###.######.##
................@)!.....
#########..###.######.##
#..# #.# #..# #.#
#..###.######
#.............
#.###########. #.# #.#


There were no monsters in sight!

Vanquished Creatures
  An adder (D:2)
  An ooze (D:2)
  A worm (D:2)
  A dart slug (D:1)
  A leopard gecko (D:1)
  5 orcs (D:3)
  8 bats
  A giant cockroach (D:1)
  5 goblins
  4 hobgoblins (D:1)
  3 jackals (D:2)
  7 kobolds
  A quokka (D:2)
  A ball python (D:2)
  2 frilled lizards
  5 rats
47 creatures vanquished.

Notes
Turn   | Place    | Note
-------+----------+-------------------------------------------
     0 | D:1      | galech the Demonspawn Fighter began the quest for the Orb.
     0 | D:1      | Reached XP level 1. HP: 18/18 MP: 1/1
   174 | D:1      | Gained mutation: You are immune to rotting. [demonic
                  | ancestry]
   174 | D:1      | Reached XP level 2. HP: 24/24 MP: 2/2
   676 | D:2      | Gained mutation: You have a pair of small antennae on your
                  | head. [demonic ancestry]
   676 | D:2      | Reached XP level 3. HP: 29/29 MP: 3/3
  1196 | D:3      | Gained mutation: A weak demonic guardian rushes to your
                  | aid. [demonic ancestry]
  1196 | D:3      | Reached XP level 4. HP: 32/35 MP: 4/4
  1209 | D:3      | Quit the game

Levels and vault maps discovered:
D:1:      saegor_arrival_simple_d, layout_basic
D:2:      layout_rooms
D:3:      layout_basic, tso_metal_star, grunt_dithmenos_smoke_and_mirrors

Skill      XL: |  1  2  3 |
---------------+----------+-----
Axes           | 2 3 |  3.1
Armour         | 3 |  3.0
Shields        | 3 |  3.1
Fighting       | |  3.3
Stealth        | |  0.1

Action                   |  1- 3 |  4- 6 || total
-------------------------+-------+-------++-------
Melee: War axe           |   155 |    12 ||   167
  Eat: Chunk             |    14 |       ||    14
Armor: Plate armour      |   118 |     2 ||   120
       Scale mail        |     9 |       ||     9
Dodge: Dodged            |    17 |       ||    17
Block: Shield            |    84 |     7 ||    91

Table legend:
 A = Non-vault XP
 B = Vault XP
 C = Vault XP percentage of total XP
 D = Non-vault monster count
 E = Vault monster count
 F = Vault count percentage of total count
                 A         B        C        D         E       F
            +---------+---------+-------+---------+---------+-------
      Total |     104 |       0 |   0.0 |      47 |       0 |   0.0
            +---------+---------+-------+---------+---------+-------
        D:1 |      34 |       0 |   0.0 |      20 |       0 |   0.0
        D:2 |      50 |       0 |   0.0 |      19 |       0 |   0.0
        D:3 |      20 |       0 |   0.0 |       8 |       0 |   0.0
            +---------+---------+-------+---------+---------+-------
